 Dungeon Crawl Stone Soup version 0.31-a0-835-g2a3a5bc3be (webtiles) character file.

Game seed: 15624846420425796433

23 qw the Shield-Bearer (level 2, 19/19 HPs) *WIZ*
             Began as a Gargoyle Fighter on Sept 9, 2023.
             Was the Champion of Okawaru.
             Quit the game on level 1 of the Dungeon on Sept 25, 2023.
             The game lasted 00:02:53 (446 turns).

qw the Shield-Bearer (Gargoyle Fighter)              Turns: 446, Time: 00:02:54

Health: 19/19      AC:  9    Str: 19    XL:     2   Next: 95%
Magic:  2/2        EV:  9    Int:  8    God:    Okawaru 200 (0)
Gold:   37         SH:  4    Dex:  9    Spells: 1/1 levels left

rFire   . . .        a - +0 war axe
rCold   . . .        c - +0 buckler
rNeg    + . .        b - +0 scale mail
rPois   inf          (no helmet)
rElec   +            (no cloak)
rCorr   .            (no gloves)
SInv    .            (no boots)
Will    .....        (no amulet) Stlth
                     (no ring)
HPRegen 0.23/turn    (no ring)
MPRegen 0.08/turn

%: no passive effects
@: no status effects
A: sickness immunity, AC +2, negative energy resistance 1, electricity
resistance, torment resistance 1, petrification resistance
a: Renounce Religion, Build terrain, Set terrain to build, Clear terrain to
floor, Heroism, Finesse, Duel, Receive Weapon, Receive Armour


You were on level 1 of the Dungeon.
You worshipped Okawaru.
Okawaru was exalted by your worship.
You visited 1 branch of the dungeon, and saw 1 of its levels.

You collected 37 gold pieces.


Innate Abilities, Weirdness & Mutations

You are immune to sickness and miasma.
Your stone body is resilient. (AC +2)
You are immune to poison.
You resist negative energy. (rN+)
You are resistant to electric shocks. (rElec)
You are resistant to unholy torment.
You are immune to petrification.


   Skills:
 - Level 3.2 Fighting
 + Level 3.0 Axes
 - Level 3.2 Armour
 - Level 3.2 Shields
 + Level 0.0 Invocations


You had one spell level left.
You didn't know any spells.
Your spell library was empty.

Inventory:

Hand Weapons
 a - a +0 war axe (weapon)
 g - a +1 whip of flaming
Armour
 b - a +0 scale mail (worn)
 c - a +0 buckler (worn)
Scrolls
 e - 3 scrolls of summoning {unknown}
 f - a scroll of torment {unknown}
Potions
 d - a potion of might

Dungeon Overview and Level Annotations

Branches:
Dungeon (1/15)

Altars:


Message History

Something appears at your feet! Okawaru grants you throwing weapons!
Something appears at your feet! Okawaru grants you throwing weapons!
Something appears at your feet! [Hit ESC to exit interpreter.] > dsay(you.abilities())
445 ||| { [1] = "Renounce Religion", [2] = "Build terrain", [3] = "Set terrain to build", [4] = "Clear terrain to floor", [5] = "Heroism", [6] = "Finesse", [7] = "Duel", [8] = "Receive Weapon", [9] = "Receive Armour", } > You can't do that.
Welcome back, qw the Gargoyle Fighter.
Okawaru says: Bring me glory in combat!
Press ? for a list of commands and other information.
Enter note:
Enter note:
Enter note:
Enter note:
Enter note:
Enter note:
Enter note:
Enter note:
Enter note:
Enter note:
446 ||| PLANNING D:1-11 Saving game... please wait.
Welcome back, qw the Gargoyle Fighter.
Okawaru says: Bring me glory in combat!
Press ? for a list of commands and other information.
Enter note:
Enter note:
Enter note:
Enter note:
Enter note:
Enter note:
Enter note:
Enter note:
Enter note:
Enter note:
446 ||| PLANNING D:1-11 Are you sure you want to abandon this character and quit the game? (Confirm with "yes".)

.########
....?....
#........
#........
#........
#........
##........ #
####%@...# ###
##...(....# #.###
#..###..###
#...## ##.#.....#
#.#..###....###.#
#.##........# .#
#.###.......# .#
#..##.......# .#
##.#..7777777


There were no monsters in sight!

Vanquished Creatures
  2 endoplasms (D:1)
  A giant cockroach (D:1)
  3 goblins (D:1)
  2 hobgoblins (D:1)
  A quokka (D:1)
  2 ball pythons (D:1)
  4 bats (D:1)
  A frilled lizard (D:1)
  A kobold (D:1)
  3 rats (D:1)
20 creatures vanquished.

Notes
Turn   | Place    | Note
-------+----------+-------------------------------------------
     0 | D:1      | qw the Gargoyle Fighter began the quest for the Orb.
     0 | D:1      | Reached XP level 1. HP: 14/14 MP: 1/1
     0 | D:1      | 0 ||| qw: Version: 0.3-a-81-g8b9728e
     0 | D:1      | 0 ||| qw: Game counter: 34
     0 | D:1      | 0 ||| qw: Melee chars always use a shield: true
     0 | D:1      | 0 ||| qw: God list: Okawaru
     0 | D:1      | 0 ||| qw: Allow faded altars: false
     0 | D:1      | 0 ||| qw: Do Orc after clearing Dungeon:15 true
     0 | D:1      | 0 ||| qw: Do second Lair branch before Depths: true
     0 | D:1      | 0 ||| qw: Lair rune preference: random
     0 | D:1      | 0 ||| qw: Goals: Normal
     0 | D:1      | 0 ||| PLANNING D:1-11
   143 | D:1      | Reached XP level 2. HP: 17/19 MP: 2/2
   178 | D:1      | 178 ||| DROPPING +0 club.
   335 | D:1      | Reached skill level 3 in Axes
   445 | D:1      | Upgraded the game from 0.31-a0-716-gc7603755dd to
                  | 0.31-a0-731-ga75f04deac
   445 | D:1      | 445 ||| PLANNING D:1-11
   445 | D:1      | Upgraded the game from 0.31-a0-731-ga75f04deac to
                  | 0.31-a0-818-ge7c7cf74f0
   445 | D:1      | 445 ||| PLANNING D:1-11
   445 | D:1      | Entered wizard mode.
   445 | D:1      | Became a worshipper of Warmaster Okawaru
   445 | D:1      | Reached * piety under Okawaru
   445 | D:1      | Reached ** piety under Okawaru
   445 | D:1      | Reached *** piety under Okawaru
   445 | D:1      | Reached **** piety under Okawaru
   445 | D:1      | Reached ***** piety under Okawaru
   445 | D:1      | Received a gift from Okawaru
   445 | D:1      | Received a gift from Okawaru
   445 | D:1      | Reached ****** piety under Okawaru
   445 | D:1      | Received a gift from Okawaru
   445 | D:1      | Received a gift from Okawaru
   445 | D:1      | Received a gift from Okawaru
   445 | D:1      | Received a gift from Okawaru
   445 | D:1      | Received a gift from Okawaru
   446 | D:1      | Upgraded the game from 0.31-a0-818-ge7c7cf74f0 to
                  | 0.31-a0-819-gf6de2f5ab6
   446 | D:1      | 446 ||| PLANNING D:1-11
   446 | D:1      | Upgraded the game from 0.31-a0-819-gf6de2f5ab6 to
                  | 0.31-a0-835-g2a3a5bc3be
   446 | D:1      | 446 ||| PLANNING D:1-11
   446 | D:1      | Quit the game

Levels and vault maps discovered: [+gen,+vis] D:1: nagdon_arrival_double_spiral, layout_rooms, serial_forest, infiniplex_forest_zigzag_1, infiniplex_forest_end_3, infiniplex_forest_clump_double, infiniplex_forest_end_1, infiniplex_forest_corner_2, infiniplex_forest_lined_1 [+gen,-vis] D:2 [+gen,-vis] D:3 [+gen,-vis] D:4 [+gen,-vis] D:5 [+gen,-vis] D:6 [+gen,-vis] D:7 [+gen,-vis] D:8 [+gen,-vis] D:9 [+gen,-vis] D:10 [+gen,-vis] D:11 [+gen,-vis] D:12 [+gen,-vis] D:13 [+gen,-vis] D:14 [+gen,-vis] D:15 [+gen,-vis] Temple: hellmonk_temple_divided_pantheon [+gen,-vis] Lair:1 [+gen,-vis] Lair:2 [+gen,-vis] Lair:3 [+gen,-vis] Lair:4 [+gen,-vis] Lair:5 [+gen,-vis] Swamp:1 [+gen,-vis] Swamp:2 [+gen,-vis] Swamp:3 [+gen,-vis] Swamp:4 [+gen,-vis] Shoals:1 [+gen,-vis] Shoals:2 [+gen,-vis] Shoals:3 [+gen,-vis] Shoals:4 [+gen,-vis] Snake:1 [+gen,-vis] Snake:2 [+gen,-vis] Snake:3 [+gen,-vis] Snake:4 [+gen,-vis] Spider:1 [+gen,-vis] Spider:2 [+gen,-vis] Spider:3 [+gen,-vis] Spider:4 [+gen,-vis] Slime:1 [+gen,-vis] Slime:2 [+gen,-vis] Slime:3 [+gen,-vis] Slime:4 [+gen,-vis] Slime:5 [+gen,-vis] Orc:1 [+gen,-vis] Orc:2 [+gen,-vis] Elf:1 [+gen,-vis] Elf:2 [+gen,-vis] Elf:3 [+gen,-vis] Vaults:1 [+gen,-vis] Vaults:2 [+gen,-vis] Vaults:3 [+gen,-vis] Vaults:4 [+gen,-vis] Vaults:5 [+gen,-vis] Crypt:1 [+gen,-vis] Crypt:2 [+gen,-vis] Crypt:3 [+gen,-vis] Tomb:1 [+gen,-vis] Tomb:2 [+gen,-vis] Tomb:3 [+gen,-vis] Depths:1 [+gen,-vis] Depths:2 [+gen,-vis] Depths:3 [+gen,-vis] Depths:4 [+gen,-vis] Hell [+gen,-vis] Dis:1 [+gen,-vis] Dis:2 [+gen,-vis] Dis:3 [+gen,-vis] Dis:4 [+gen,-vis] Dis:5 [+gen,-vis] Dis:6 [+gen,-vis] Dis:7 [+gen,-vis] Geh:1 [+gen,-vis] Geh:2 [+gen,-vis] Geh:3 [+gen,-vis] Geh:4 [+gen,-vis] Geh:5 [+gen,-vis] Geh:6 [+gen,-vis] Geh:7 [+gen,-vis] Coc:1 [+gen,-vis] Coc:2 [+gen,-vis] Coc:3 [+gen,-vis] Coc:4 [+gen,-vis] Coc:5 [+gen,-vis] Coc:6 [+gen,-vis] Coc:7 [+gen,-vis] Tar:1 [+gen,-vis] Tar:2 [+gen,-vis] Tar:3 [+gen,-vis] Tar:4 [+gen,-vis] Tar:5 [+gen,-vis] Tar:6 [+gen,-vis] Tar:7 [+gen,-vis] Zot:1 [+gen,-vis] Zot:2 [+gen,-vis] Zot:3 [+gen,-vis] Zot:4 [+gen,-vis] Zot:5 [+gen,-vis] Abyss:1 [+gen,-vis] Abyss:2 [+gen,-vis] Abyss:3 [+gen,-vis] Abyss:4 [+gen,-vis] Abyss:5 [+gen,-vis] Abyss:6 [+gen,-vis] Abyss:7 [+gen,-vis] Pan [+gen,-vis] Zig:1 [+gen,-vis] Zig:2 [+gen,-vis] Zig:3 [+gen,-vis] Zig:4 [+gen,-vis] Zig:5 [+gen,-vis] Zig:6 [+gen,-vis] Zig:7 [+gen,-vis] Zig:8 [+gen,-vis] Zig:9 [+gen,-vis] Zig:10 [+gen,-vis] Zig:11 [+gen,-vis] Zig:12 [+gen,-vis] Zig:13 [+gen,-vis] Zig:14 [+gen,-vis] Zig:15 [+gen,-vis] Zig:16 [+gen,-vis] Zig:17 [+gen,-vis] Zig:18 [+gen,-vis] Zig:19 [+gen,-vis] Zig:20 [+gen,-vis] Zig:21 [+gen,-vis] Zig:22 [+gen,-vis] Zig:23 [+gen,-vis] Zig:24 [+gen,-vis] Zig:25 [+gen,-vis] Zig:26 [+gen,-vis] Zig:27 [+gen,-vis] Bazaar [+gen,-vis] Trove [+gen,-vis] Sewer [+gen,-vis] Ossuary [+gen,-vis] Bailey [+gen,-vis] IceCv [+gen,-vis] Volcano [+gen,-vis] WizLab [+gen,-vis] Desolation [+gen,-vis] Gauntlet [+gen,-vis] Arena

Skill      XL: |  1  2 |
---------------+-------+-----
Axes           | 2 3 |  3.0
Fighting       | |  3.2
Armour         | |  3.2
Shields        | |  3.2

Action                     || total
---------------------------++-------
  Melee: War axe           ||    61
 Armour: Scale mail        ||    39
  Dodge: Dodged            ||    39
  Block: Buckler           ||    11

Table legend:
 A = Non-vault XP
 B = Vault XP
 C = Vault XP percentage of total XP
 D = Non-vault monster count
 E = Vault monster count
 F = Vault count percentage of total count
                 A         B        C        D         E       F
            +---------+---------+-------+---------+---------+-------
      Total |      33 |       0 |   0.0 |      20 |       0 |   0.0
            +---------+---------+-------+---------+---------+-------
        D:1 |      33 |       0 |   0.0 |      20 |       0 |   0.0
            +---------+---------+-------+---------+---------+-------
